PL
BUCKHEAD BOWTIES @ PORTLAND EVERGREENS
08/23/2034
 
TOP OF THE 1ST
Buckhead Bowties batting - Pitching for Portland Evergreens : RHP Giovanni Mireles
Pitching: RHP Giovanni Mireles
Batting: LHB José Valéncia 0-0: SINGLE (Line Drive, 89S)
Batting: LHB Yu-zeng Si 0-0: Ball
1-0: Ball
2-0: Called Strike
2-1: Called Strike
2-2: Ball
3-2: 2-RUN HOME RUN (Flyball, 9LD), Distance : 375 ft
Batting: LHB Edwin Church 0-0: Ball
1-0: SINGLE (Flyball, 89S)
Batting: LHB Shunso Kiyomizu 0-0: SINGLE (Groundball, 6MD)
Edwin Church to second
Batting: RHB Derek Bangert 0-0: Called Strike
0-1: Called Strike
0-2: Foul Ball, location: 2F
0-2: Strikes out swinging
Batting: RHB David Edwards 0-0: Called Strike
0-1: Fly out, F9 (Flyball, 9LM)
Batting: RHB Richard Jost 0-0: Ball
1-0: Fly out, F9 (Flyball, 89D)
Top of the 1st over - 2 runs, 4 hits, 0 errors, 2 left on base; Buckhead 2 - Portland 0
BOTTOM OF THE 1ST
Portland Evergreens batting - Pitching for Buckhead Bowties : RHP José García
Pitching: RHP José García
Batting: SHB Willie McGirt 0-0: Called Strike
0-1: Ball
1-1: Foul Ball, location: 2F
1-2: Foul Ball, location: 2F
1-2: Foul Ball, location: 2F
1-2: Ball
2-2: Ball
3-2: Ground out U3 (Groundball, 3)
Batting: RHB Tae-cho Han 0-0: Ball
1-0: Called Strike
1-1: Swinging Strike
1-2: Ball
2-2: Ball
3-2: Foul Ball, location: 2F
3-2: SINGLE (Groundball, 56D)
Batting: LHB Chris Payling 0-0: Swinging Strike
0-1: Fly out, F7 (Flyball, 7LMF)
Batting: RHB Blaze Alexander 0-0: Ball
1-0: Called Strike
1-1: Ball
2-1: Fly out, F8 (Flyball, 89D)
Bottom of the 1st over - 0 runs, 1 hit, 0 errors, 1 left on base; Buckhead 2 - Portland 0
TOP OF THE 2ND
Buckhead Bowties batting - Pitching for Portland Evergreens : RHP Giovanni Mireles
Batting: RHB Kevin Baxter 0-0: Ball
1-0: Ball
2-0: Called Strike
2-1: Swinging Strike
2-2: Foul Ball, location: 2F
2-2: Fly out, F8 (Flyball, 78M)
Batting: RHB Raúl Ruíz 0-0: Foul Ball, location: 2F
0-1: Called Strike
0-2: Ball
1-2: Foul Ball, location: 2F
1-2: Ball
2-2: Foul Ball, location: 2F
2-2: Ground out 5-3 (Groundball, 56)
Batting: LHB José Valéncia 0-0: Ball
1-0: Ball
2-0: Ball
3-0: SINGLE (Flyball, 89S)
Batting: LHB Yu-zeng Si 0-0: Ball
José Valéncia is caught stealing 2nd base
Top of the 2nd over - 0 runs, 1 hit, 0 errors, 0 left on base; Buckhead 2 - Portland 0
BOTTOM OF THE 2ND
Portland Evergreens batting - Pitching for Buckhead Bowties : RHP José García
Batting: SHB Billy Dotson 0-0: Called Strike
0-1: Ball
1-1: Ball
2-1: Ball
3-1: SINGLE (Groundball, 4) (infield hit)
Batting: LHB Shahid Afridi 0-0: Called Strike
0-1: Foul Ball, location: 2F
0-2: Foul Ball, location: 2F
0-2: Foul Ball, location: 2F
0-2: Ball
1-2: Foul Ball, location: 2F
1-2: Ball
2-2: Fly out, F9 (Flyball, 89S)
Batting: RHB Nelson Jaramillo 0-0: Ball
1-0: Ground out 6-3 (Groundball, 6S)
Billy Dotson to second
Batting: LHB John Ennis 0-0: Ball
1-0: Ball
2-0: Ball
3-0: Called Strike
3-1: Foul Ball, location: 2F
3-2: Foul Ball, location: 2F
3-2: Fly out, F9 (Flyball, 9LD)
Bottom of the 2nd over - 0 runs, 1 hit, 0 errors, 1 left on base; Buckhead 2 - Portland 0
TOP OF THE 3RD
Buckhead Bowties batting - Pitching for Portland Evergreens : RHP Giovanni Mireles
Batting: LHB Yu-zeng Si 0-0: Ball
1-0: Ground out 6-3 (Groundball, 4M)
Batting: LHB Edwin Church 0-0: Ball
1-0: Foul Ball, location: 2F
1-1: Foul Ball, location: 2F
1-2: Ball
2-2: Strikes out swinging
Batting: LHB Shunso Kiyomizu 0-0: Ground out 3-1 (Groundball, 34)
Top of the 3rd over - 0 runs, 0 hits, 0 errors, 0 left on base; Buckhead 2 - Portland 0
BOTTOM OF THE 3RD
Portland Evergreens batting - Pitching for Buckhead Bowties : RHP José García
Batting: LHB Calvin Wilms 0-0: Ball
1-0: Ground out 5-3 (Groundball, 56)
Batting: SHB Willie McGirt 0-0: Ball
1-0: Foul Ball, location: 2F
1-1: Swinging Strike
1-2: Foul Ball, location: 2F
1-2: Ball
2-2: Foul Ball, location: 2F
2-2: Ball
3-2: Ground out 3-1 (Groundball, 23)
Batting: RHB Tae-cho Han 0-0: Ball
1-0: Foul Ball, location: 2F
1-1: Foul Ball, location: 2F
1-2: Ball
2-2: Foul Ball, location: 2F
2-2: Foul Ball, location: 2F
2-2: Foul Ball, location: 2F
2-2: Ball
3-2: SINGLE (Groundball, 56D)
Batting: LHB Chris Payling 0-0: Ball
1-0: Ball
2-0: Ground out 4-3 (Groundball, 4M)
Bottom of the 3rd over - 0 runs, 1 hit, 0 errors, 1 left on base; Buckhead 2 - Portland 0
TOP OF THE 4TH
Buckhead Bowties batting - Pitching for Portland Evergreens : RHP Giovanni Mireles
Batting: RHB Derek Bangert 0-0: Swinging Strike
0-1: Ball
1-1: Swinging Strike
1-2: Ball
2-2: Ball
3-2: Strikes out swinging
Batting: RHB David Edwards 0-0: Ball
1-0: Called Strike
1-1: Swinging Strike
1-2: Strikes out swinging
Batting: RHB Richard Jost 0-0: Foul Ball, location: 2F
0-1: Ground out 5-3 (Groundball, 56S)
Top of the 4th over - 0 runs, 0 hits, 0 errors, 0 left on base; Buckhead 2 - Portland 0
BOTTOM OF THE 4TH
Portland Evergreens batting - Pitching for Buckhead Bowties : RHP José García
Batting: RHB Blaze Alexander 0-0: Swinging Strike
0-1: Ball
1-1: Foul Ball, location: 2F
1-2: Ball
2-2: SINGLE (Groundball, 56D)
Batting: SHB Billy Dotson 0-0: Called Strike
0-1: Swinging Strike
0-2: Ball
1-2: Foul Ball, location: 2F
1-2: Fly out, F2 (Popup, 13S)
Batting: LHB Shahid Afridi 0-0: Fly out, F7 (Flyball, 7S)
Batting: RHB Nelson Jaramillo 0-0: Called Strike
Blaze Alexander steals 2nd base
0-1: Ball
1-1: Fly out, F7 (Flyball, 7LS)
Bottom of the 4th over - 0 runs, 1 hit, 0 errors, 1 left on base; Buckhead 2 - Portland 0
TOP OF THE 5TH
Buckhead Bowties batting - Pitching for Portland Evergreens : RHP Giovanni Mireles
Batting: RHB Kevin Baxter 0-0: Ball
1-0: Foul Ball, location: 2F
1-1: SINGLE (Groundball, 6MD)
Batting: RHB Raúl Ruíz 0-0: Called Strike
0-1: Fielders Choice at 2nd, 4-6 (Groundball, 4M)
Batting: LHB José Valéncia 0-0: Ball
Raúl Ruíz is caught stealing 2nd base
1-0: Ball
2-0: Called Strike
2-1: Called Strike
2-2: Ball
3-2: Foul Ball, location: 2F
3-2: Foul Ball, location: 2F
3-2: SINGLE (Groundball, 4D)
Batting: LHB Yu-zeng Si 0-0: Ball
José Valéncia steals 2nd base
1-0: Called Strike
1-1: Ball
2-1: Foul Ball, location: 2F
2-2: Reached on error, E9 (Line Drive, 9)
José Valéncia scores
Batting: LHB Edwin Church 0-0: Ball
1-0: Called Strike
1-1: Ball
2-1: Foul Ball, location: 2F
2-2: Ball
3-2: Fly out, F3 (Line Drive, 34S)
Top of the 5th over - 1 run, 2 hits, 1 error, 1 left on base; Buckhead 3 - Portland 0
BOTTOM OF THE 5TH
Portland Evergreens batting - Pitching for Buckhead Bowties : RHP José García
Batting: LHB John Ennis 0-0: Called Strike
0-1: Called Strike
0-2: Ball
1-2: Strikes out swinging
Batting: LHB Calvin Wilms 0-0: Called Strike
0-1: Ball
1-1: Foul Ball, location: 2F
1-2: Ball
2-2: Ball
3-2: Foul Ball, location: 2F
3-2: Foul Ball, location: 2F
3-2: Foul Ball, location: 2F
3-2: DOUBLE (Flyball, 8LD)
Batting: SHB Willie McGirt 0-0: Ball
1-0: Ball
2-0: DOUBLE (Line Drive, 89M)
Calvin Wilms scores
Batting: RHB Tae-cho Han 0-0: Called Strike
0-1: Fly out, F7 (Line Drive, 7S)
Batting: LHB Chris Payling 0-0: Called Strike
0-1: Ball
1-1: Fly out, F7 (Flyball, 7D)
Bottom of the 5th over - 1 run, 2 hits, 0 errors, 1 left on base; Buckhead 3 - Portland 1
TOP OF THE 6TH
Buckhead Bowties batting - Pitching for Portland Evergreens : RHP Giovanni Mireles
Batting: LHB Shunso Kiyomizu 0-0: Ball
1-0: Foul Ball, location: 2F
1-1: Ball
2-1: Ball
3-1: Ground out 4-3 (Groundball, 34)
Batting: RHB Derek Bangert 0-0: Ball
1-0: Called Strike
1-1: Fly out, F9 (Flyball, 9S)
Batting: RHB David Edwards 0-0: Swinging Strike
0-1: Foul Ball, location: 2F
0-2: Ball
1-2: Foul Ball, location: 2F
1-2: DOUBLE (Line Drive, 78XD)
Batting: RHB Richard Jost 0-0: Ball
1-0: Fly out, F4 (Line Drive, 4)
Top of the 6th over - 0 runs, 1 hit, 0 errors, 1 left on base; Buckhead 3 - Portland 1
BOTTOM OF THE 6TH
Portland Evergreens batting - Pitching for Buckhead Bowties : RHP José García
Batting: RHB Blaze Alexander 0-0: Ground out 5-3 (Groundball, 56S)
Batting: SHB Billy Dotson 0-0: Called Strike
0-1: Ball
1-1: Hit by Pitch
Batting: LHB Shahid Afridi 0-0: Ground out 6-3 (Groundball, 4MD)
Billy Dotson to second
Batting: RHB Nelson Jaramillo 0-0: Ball
1-0: Ball
2-0: Ball
3-0: Called Strike
3-1: Foul Ball, location: 2F
3-2: Fly out, F5 (Popup, 5SF)
Bottom of the 6th over - 0 runs, 0 hits, 0 errors, 1 left on base; Buckhead 3 - Portland 1
TOP OF THE 7TH
Buckhead Bowties batting - Pitching for Portland Evergreens : RHP Giovanni Mireles
Batting: RHB Kevin Baxter 0-0: Called Strike
0-1: Ball
1-1: Ball
2-1: Foul Ball, location: 2F
2-2: Strikes out swinging
Pitching: RHP Keith Rojas
Batting: RHB Raúl Ruíz 0-0: Swinging Strike
0-1: Ball
1-1: Ball
2-1: SINGLE (Groundball, 56D)
Batting: LHB José Valéncia 0-0: Hit by Pitch
Raúl Ruíz to second
Batting: LHB Yu-zeng Si 0-0: Called Strike
0-1: Ball
1-1: Foul Ball, location: 2F
1-2: Fly out, F4 (Line Drive, 4)
Batting: LHB Edwin Church 0-0: Ball
1-0: Called Strike
1-1: Ball
2-1: Foul Ball, location: 2F
2-2: Ball
3-2: Foul Ball, location: 2F
3-2: Fly out, F9 (Line Drive, 9D)
Top of the 7th over - 0 runs, 1 hit, 0 errors, 2 left on base; Buckhead 3 - Portland 1
BOTTOM OF THE 7TH
Portland Evergreens batting - Pitching for Buckhead Bowties : RHP José García
Batting: LHB John Ennis 0-0: Called Strike
0-1: Ball
1-1: Foul Ball, location: 2F
1-2: Ball
2-2: Ball
3-2: Base on Balls
Pitching: LHP Yajirobei Otomo
Batting: LHB Calvin Wilms 0-0: Ball
John Ennis steals 2nd base
1-0: SINGLE (Flyball, 9LM)
John Ennis to third
Batting: SHB Willie McGirt 0-0: Called Strike
0-1: Foul Ball, location: 2F
0-2: Ball
1-2: Ground out 6-3 (Groundball, 6S)
Calvin Wilms to second
Batting: RHB Tae-cho Han 0-0: Ball
1-0: Called Strike
1-1: Foul Ball, location: 2F
1-2: Strikes out looking
Batting: LHB Chris Payling 0-0: Ball
1-0: Swinging Strike
1-1: Swinging Strike
1-2: Ball
2-2: Ground out 4-3 (Groundball, 4)
Bottom of the 7th over - 0 runs, 1 hit, 0 errors, 2 left on base; Buckhead 3 - Portland 1
TOP OF THE 8TH
Buckhead Bowties batting - Pitching for Portland Evergreens : RHP Keith Rojas
Batting: LHB Shunso Kiyomizu 0-0: Foul Ball, location: 2F
0-1: Foul Ball, location: 2F
0-2: Ball
1-2: Ball
2-2: Ground out U3 (Groundball, 3S)
Batting: RHB Derek Bangert 0-0: Called Strike
0-1: Ball
1-1: Ball
2-1: Foul Ball, location: 2F
2-2: Ball
3-2: SOLO HOME RUN (Flyball, 7LD), Distance : 375 ft
Batting: RHB David Edwards 0-0: Ball
1-0: Ball
2-0: Ball
3-0: Base on Balls
Batting: RHB Richard Jost 0-0: Called Strike
0-1: Called Strike
0-2: Ball
1-2: Ball
2-2: Ball
3-2: Foul Ball, location: 2F
3-2: Strikes out looking
Batting: RHB Kevin Baxter 0-0: Ball
1-0: Ball
2-0: Ball
3-0: Called Strike
3-1: Fly out, F7 (Flyball, 78D)
Top of the 8th over - 1 run, 1 hit, 0 errors, 1 left on base; Buckhead 4 - Portland 1
BOTTOM OF THE 8TH
Portland Evergreens batting - Pitching for Buckhead Bowties : LHP Yajirobei Otomo
Batting: RHB Blaze Alexander 0-0: Fly out, F7 (Flyball, 78S)
Batting: SHB Billy Dotson 0-0: Ball
1-0: Ball
2-0: Called Strike
2-1: Foul Ball, location: 2F
2-2: Foul Ball, location: 2F
2-2: Foul Ball, location: 2F
2-2: Ground out 6-3 (Groundball, 56)
Batting: LHB Shahid Afridi 0-0: Ground out 1-3 (Groundball, P)
Bottom of the 8th over - 0 runs, 0 hits, 0 errors, 0 left on base; Buckhead 4 - Portland 1
TOP OF THE 9TH
Buckhead Bowties batting - Pitching for Portland Evergreens : RHP Keith Rojas
Batting: RHB Raúl Ruíz 0-0: Fly out, F7 (Flyball, 7D)
Batting: LHB José Valéncia 0-0: Ground out U3 (Groundball, 34S)
Batting: LHB Yu-zeng Si 0-0: Ball
1-0: Swinging Strike
1-1: Ball
2-1: Foul Ball, location: 2F
2-2: Strikes out swinging
Top of the 9th over - 0 runs, 0 hits, 0 errors, 0 left on base; Buckhead 4 - Portland 1
BOTTOM OF THE 9TH
Portland Evergreens batting - Pitching for Buckhead Bowties : LHP Yajirobei Otomo
Batting: RHB Nelson Jaramillo 0-0: Ball
1-0: Fly out, F7 (Flyball, 7D)
Batting: LHB John Ennis 0-0: Ball
1-0: Ball
2-0: Ball
3-0: Base on Balls
Batting: LHB Calvin Wilms 0-0: Ball
1-0: Ball
2-0: Ball
3-0: Called Strike
3-1: Called Strike
3-2: Strikes out swinging
Batting: SHB Willie McGirt 0-0: Foul Ball, location: 2F
0-1: Foul Ball, location: 2F
0-2: Ball
1-2: Foul Ball, location: 2F
1-2: Foul Ball, location: 2F
1-2: Ball
2-2: Ball
3-2: Foul Ball, location: 2F
3-2: Foul Ball, location: 2F
3-2: DOUBLE (Groundball, 5L)
John Ennis to third
John Ennis scores
Batting: RHB Tae-cho Han 0-0: Ball
1-0: Foul Ball, location: 2F
1-1: Ball
2-1: Swinging Strike
2-2: Strikes out swinging
Bottom of the 9th over - 1 run, 1 hit, 0 errors, 1 left on base; Buckhead 4 - Portland 2
Friday, March 29th, 2019 - OOTP Baseball 18.8 Build 76